 Dungeon Crawl Stone Soup version 0.29-a0-817-g9904bce7a6 (webtiles) character file.

Game seed: 16295256191543028948

1295 gobodom the Magician (level 8, -3/52 (53) HPs)
             Began as a Demonspawn Hedge Wizard on July 5, 2022.
             Slain by a wight
             ... wielding a +0 mace
              (8 damage)
             ... on level 6 of the Dungeon.
             The game lasted 00:20:26 (6752 turns).

gobodom the Magician (Demonspawn Hedge Wizard)      Turns: 6752, Time: 00:20:27

HP:   -3/52 (53)    AC:  6    Str: 10    XL:     8   Next: 30%
MP:   15/15         EV: 12    Int: 21    God:
Gold: 208           SH:  0    Dex: 10    Spells: 9/16 levels left

rFire   . . .      SeeInvis +   m - +8 hand axe "Difymusu" {venom, rPois rC++ Int+3 Dex-3}
rCold   + . .      Faith    .   (no shield)
rNeg    . . .      Spirit   .   r - +2 robe {Will+}
rPois   +          Reflect  .   c - +1 hat
rElec   +          Harm     .   x - +0 cloak
rCorr   .          Rampage  .   (no gloves)
Will    +....                   (no boots)
Stlth   +++.......              (no amulet)
HPRegen 0.17/turn               g - ring of see invisible
MPRegen 0.14/turn               e - ring "Ydep Hao" {Wiz +Blink rElec rC- Stlth+}

@: about to teleport, lightly drained
A: hooves 1, spiny 3, demonic magic 1
a: Evoke Blink


You were on level 6 of the Dungeon.
You visited 2 branches of the dungeon, and saw 7 of its levels.

You collected 293 gold pieces.
You spent 85 gold pieces at shops.

Inventory:

Hand Weapons
 h - a +2 dagger of freezing
 m - the +8 hand axe "Difymusu" (weapon) {venom, rPois rC++ Int+3 Dex-3}
   (You found it on level 2 of the Dungeon)

   It poisons the flesh of those it strikes.
   Int:       It affects your intelligence (+3).
   Dex:       It affects your dexterity (-3).
   rC:        It greatly protects you from cold.
   rPois:     It protects you from poison.
 w - a +4 quarterstaff of chaos
Missiles
 s - 5 silver boomerangs
Armour
 c - a +1 hat (worn)
 r - a +2 robe of willpower (worn)
 x - a +0 cloak (worn)
Jewellery
 e - the ring "Ydep Hao" (right hand) {Wiz +Blink rElec rC- Stlth+}
   (You found it on level 3 of the Dungeon)

   [ring of wizardry]

   It improves your spell success rate.
   rC:        It makes you vulnerable to cold.
   rElec:     It insulates you from electricity.
   +Blink:    It lets you blink.
   Stlth:     It makes you more stealthy.
 g - a ring of see invisible (left hand)
Scrolls
 f - a scroll of vulnerability
 i - 2 scrolls of blinking
 k - a scroll of teleportation
 l - 2 scrolls of magic mapping {unknown}
 q - 2 scrolls of poison {unknown}
 u - a scroll of fear {unknown}
 v - 2 scrolls of amnesia
Potions
 a - a potion of degeneration
 b - 2 potions of might
 d - 3 potions of magic
 j - a potion of lignification {unknown}
 n - a potion of heal wounds
 o - 2 potions of resistance
 p - a potion of cancellation
 t - a potion of curing


   Skills:
 + Level 0.9 Fighting
 + Level 0.6 Short Blades
 + Level 2.0 Axes
 + Level 0.5 Throwing
 + Level 2.9 Dodging
 + Level 3.8 Stealth
 + Level 4.9 Spellcasting
 + Level 3.9 Conjurations
 + Level 3.0 Summonings
 + Level 1.6 Translocations
 * Level 1.7 Fire Magic
 * Level 1.7 Air Magic
 * Level 2.4 Poison Magic
 * Level 2.2 Evocations


You had 9 spell levels left.
You knew the following spells:

 Your Spells              Type           Power      Damage    Failure   Level
a - Magic Dart            Conj           84%        1d7       1%          1
b - Conjure Flame         Conj/Fire      17%        6-21      4%          3
c - Mephitic Cloud        Conj/Pois/Air  16%        N/A       4%          3

Your spell library contained the following spells:

 Spells                   Type           Power      Damage    Failure   Level
 Shock                    Conj/Air       68%        1d7       1%          1
 Call Imp                 Summ           17%        N/A       1%          2
 Blink                    Tloc           24%        N/A       3%          2
 Slow                     Hex            20%        N/A       4%          1
 Swiftness                Air            12%        N/A       6%          3
 Sublimation of Blood     Necr           5%         N/A       7%          2
 Frozen Ramparts          Ice            10%        1d3       13%         3
 Hailstorm                Conj/Ice       13%        3d5       19%         4
 Airstrike                Air            6%         0-3+      21%         4
 Fireball                 Conj/Fire      8%         3d6       34%         5
 Petrify                  Tmut/Erth      5%         N/A       38%         4
 Irradiate                Conj/Tmut      6%         3d15      45%         5


Dungeon Overview and Level Annotations

Branches:
Dungeon (6/15)             Temple (1/1) D:6

Altars:
Ashenzari
Dithmenos
Fedhas
Kikubaaqudgha
Makhleb
Nemelex Xobeh
Okawaru
Qazlal
Ru
Sif Muna
Trog
Uskayaw
Vehumet
Xom
Yredelemnul

Shops:
D:1 *   D:3 ![   D:4 ?


Innate Abilities, Weirdness & Mutations

You have large cloven feet.
You are completely covered in sharp spines.
Spells you cast may paralyse adjacent enemies.


Message History

Your Axes skill increases to level 2! 3 wights come into view.
A wight comes into view. It is wielding a +0 mace.
The wight moves out of view.
The magic dart hits the wight but does no damage.
Malevolent energies surge around you.
The magic dart hits the wight.
The wight is lightly damaged.
Malevolent energies surge around you.
You barely miss the wight.
The wight is lightly damaged.
A wight comes into view. It is wielding a +2 morningstar.
The wight hits you with a +2 mace!
You slash the wight!
The wight is heavily damaged.
The wight is struck by your spines. The wight hits you with a +2 mace!
You feel drained.
You hit the wight. You kick the wight, but do no damage.
The wight is almost destroyed.
The wight hits you with a +2 mace. x2; You feel drained.
You hit the wight. You kick the wight, but do no damage.
The wight is almost destroyed.
The wight hits you but does no damage.
You slash the wight!
You destroy the wight!
Your life force feels restored.
You closely miss the wight. Your kick misses the wight.
The wight hits you with a +0 mace.
You barely miss the wight. Your kick misses the wight.
The wight hits you with a +0 mace!
You feel drained.
* * * LOW HITPOINT WARNING * * *
As you read the scroll of teleportation, it crumbles to dust.
You feel strangely unstable. The wight is struck by your spines.
The wight hits you but does no damage.
You barely miss the wight. You kick the wight, but do no damage.
The wight is heavily damaged.
The wight hits you with a +0 mace!
* * * LOW HITPOINT WARNING * * *
The wight hits you with a +0 mace!
You die...

### .# .# #######
.# z.#.....####.#
###..z.z......#.#
# #.# #z##.#.# .#
#.# #zz....######
.. #.#
#z##.........
#.#####.#
#@##.########
.#888##.# #.##.#
.8...8#.# #†.#.#
#8.>.8÷.# #..#.#
#8...8.## #..#.#
##8.8#.#
#.####..#.#
###.##.#
#.........#
###....#
######..#.#
.#####.# #..#.#


You could see 4 wights.

Vanquished Creatures
  Prince Ribbit (D:5)
  2 phantoms
  A necrophage (D:4)
  2 scorpions (D:4)
  A wight (D:6)
  A howler monkey (D:5)
  2 jellies
  Crazy Yiuf (D:5)
  6 hounds
  3 iguanas
  Terence (D:3)
  5 orc wizards
  11 adders
  A white imp (D:5)
  An ufetubus (D:3)
  A dart slug (D:2)
  15 orcs
  6 ball pythons
  9 endoplasms
  5 giant cockroaches
  5 hobgoblins
  6 quokkas
  3 bats
  6 frilled lizards
  6 goblins
  8 kobolds
  5 rats
114 creatures vanquished.

Vanquished Creatures (others)
  3 fungi (D:5)
  11 plants (D:6)
14 creatures vanquished.

Grand Total: 128 creatures vanquished

Notes
Turn   | Place    | Note
-------+----------+-------------------------------------------
     0 | D:1      | gobodom the Demonspawn Hedge Wizard began the quest for the
                  | Orb.
     0 | D:1      | Reached XP level 1. HP: 13/13 MP: 4/4
   332 | D:1      | Gained mutation: You are partially covered in sharp spines.
                  | [demonic ancestry]
   332 | D:1      | Reached XP level 2. HP: 19/19 MP: 0/6
  1180 | D:1      | Found Ubar's Assorted Antiques.
  1282 | D:1      | Gained mutation: Spells you cast may paralyse adjacent
                  | enemies. [demonic ancestry]
  1282 | D:1      | Reached XP level 3. HP: 24/24 MP: 2/7
  1904 | D:2      | Identified the +8 hand axe "Difymusu" {venom, rPois rC++
                  | Int+3 Dex-3}
  2538 | D:3      | Got the Omnibus of Congealing Fire
  2600 | D:3      | Found Oxoasum's Antique Armour Boutique.
  2606 | D:3      | Bought an embroidered robe for 85 gold pieces
  2665 | D:3      | Reached XP level 4. HP: 30/30 MP: 9/9
  3358 | D:3      | Reached XP level 5. HP: 35/35 MP: 8/10
  3476 | D:3      | Found Kuqiatix's Distillery.
  3494 | D:3      | Noticed Terence
  3500 | D:3      | Killed Terence
  3501 | D:3      | Reached skill level 4 in Spellcasting
  3501 | D:3      | Reached skill level 1 in Translocations
  3631 | D:3      | Identified the ring "Ydep Hao" {Wiz +Blink rElec rC-
                  | Stlth+}
  3640 | D:3      | Learned a level 3 spell: Conjure Flame
  3687 | D:4      | Found Oroxacs's Magic Scroll Shop.
  4043 | D:4      | Gained mutation: You are mostly covered in sharp spines.
                  | [demonic ancestry]
  4043 | D:4      | Reached XP level 6. HP: 41/41 MP: 7/12
  4521 | D:4      | Learned a level 3 spell: Mephitic Cloud
  4541 | D:4      | Reached skill level 1 in Axes
  4644 | D:4      | Gained mutation: You are completely covered in sharp
                  | spines. [demonic ancestry]
  4644 | D:4      | Reached XP level 7. HP: 38/46 MP: 7/13
  4908 | D:5      | Entered Level 5 of the Dungeon
  5074 | D:5      | Noticed Prince Ribbit
  5085 | D:5      | Killed Prince Ribbit
  5086 | D:5      | Reached skill level 1 in Fire Magic
  5086 | D:5      | Reached skill level 1 in Air Magic
  5086 | D:5      | Reached skill level 1 in Poison Magic
  5086 | D:5      | Reached skill level 1 in Evocations
  5423 | D:5      | Found a shimmering blue altar of Sif Muna.
  5706 | D:5      | Found a runed translucent door.
  5707 | D:5      | Noticed Crazy Yiuf
  5732 | D:5      | Killed Crazy Yiuf
  5733 | D:5      | Gained mutation: You have large cloven feet. [demonic
                  | ancestry]
  5733 | D:5      | Reached XP level 8. HP: 53/53 MP: 3/15
  6458 | D:6      | Found a staircase to the Ecumenical Temple.
  6480 | Temple   | Entered the Ecumenical Temple
  6752 | D:6      | Slain by a wight

Illustrated notes

Levels and vault maps discovered:
D:1:      lightli_molten_gateway, layout_basic, serial_shops,
          nicolae_lakefront_shop
D:2:      layout_loops_ring
D:3:      layout_loops_ring, serial_shops, shop, shop, minivault_25,
          uniq_terence
D:4:      layout_layer_cave, serial_shops, nicolae_stop_n_shop_2,
          item_on_display_a
D:5:      layout_cave_pools, led_sif_book, serial_rivers,
          chequers_serial_rivers_micro_c, chequers_serial_rivers_room_a,
          chequers_serial_rivers_room_b, chequers_serial_rivers_micro_b,
          chequers_serial_rivers_large_a, uniq_crazy_yiuf_cottage,
          uniq_prince_ribbit1
D:6:      layout_loops_ring, minmay_temple_entry_statues, chequers_jeans,
          minmay_lizard_king
Temple:   nicolae_temple_elliptical

Skill      XL: |  1  2  3  4  5  6  7  8 |
---------------+-------------------------+-----
Stealth        | 2 3 |  3.8
Dodging        | 2 |  2.9
Conjurations   | 2 3 |  3.9
Spellcasting   | 4 |  4.9
Translocations | 1 |  1.6
Summonings     | 2 3 |  3.0
Axes           | 1 2 |  2.0
Fire Magic     | 1 |  1.7
Air Magic      | 1 |  1.7
Poison Magic   | 1 2 |  2.4
Evocations     | 1 2 |  2.2
Fighting       | |  0.9
Short Blades   | |  0.6
Throwing       | |  0.5

Action                   |  1- 3 |  4- 6 |  7- 9 || total
-------------------------+-------+-------+-------++-------
Melee: Dagger            |    27 |       |       ||    27
       Hand axe          |     2 |    23 |    43 ||    68
       Kick              |       |       |     7 ||     7
Throw: Boomerang         |       |     5 |       ||     5
 Cast: Magic Dart        |    84 |    92 |    85 ||   261
       Conjure Flame     |       |     3 |     1 ||     4
       Mephitic Cloud    |       |       |     5 ||     5
 Abil: Evoke Blink       |       |       |     2 ||     2
  Use: Potion            |     2 |       |       ||     2
       Scroll            |       |    12 |     2 ||    14
 Stab: Sleeping          |     4 |     1 |       ||     5
       Paralysed         |     1 |     5 |     4 ||    10
Armor: Robe              |     3 |     7 |     8 ||    18
Dodge: Dodged            |    14 |    20 |    20 ||    54

Table legend: (Time is in decaauts)
 A = Elapsed time spent in this place.
 B = Non-inter-level travel time spent in this place.
 C = Inter-level travel time spent in this place.
 D = Time resting spent in this place.
 E = Time spent auto-exploring this place.
 F = Levels seen in this place.
 G = Mean time per level.
                   A        B        C        D        E       F      G
               +--------+--------+--------+--------+--------+-----+--------+
         Total |   6777 |   6574 |    203 |      0 |   5547 |   7 |  968.1 |
       Dungeon |   6593 |   6424 |    169 |      0 |   5412 |   6 | 1098.8 |
        Temple |    184 |    150 |     34 |      0 |    135 |   1 |  184.0 |
               +--------+--------+--------+--------+--------+-----+--------+

Top non-repeatable levels by time:
     D:1: 1538 daAuts
     D:4: 1223 daAuts
     D:3: 1157 daAuts
     D:5: 1020 daAuts
     D:2: 994 daAuts
     D:6: 658 daAuts
  Temple: 184 daAuts
